 Dungeon Crawl Stone Soup version 0.21-a0-321-g91e3373 (webtiles) character file.

2316 tidbits the Charmwright (level 9, -1/69 HPs)
             Began as a Gnoll Skald on Sept 30, 2017.
             Was a Follower of Cheibriados.
             Slain by an orc warrior
             ... wielding a +0 battleaxe
              (18 damage)
             ... in a bailey.
             The game lasted 00:23:51 (3040 turns).

tidbits the Charmwright (Gnoll Skald)               Turns: 3040, Time: 00:23:51

Health: -1/69      AC:  8    Str: 15    XL:     9   Next: 41%
Magic:  16/18      EV: 15    Int: 20    God:    Cheibriados [*.....]
Gold:   307        SH:  0    Dex: 20    Spells: 8/21 levels left

rFire    . . .     SeeInvis .   a - +0 falchion
rCold    . . .     Gourm    .   (no shield)
rNeg     . . .     Faith    .   B - +0 ring mail
rPois    .         Spirit   .   E - +0 helmet
rElec    .         Reflect  .   (no cloak)
rCorr    .         Harm     .   (no gloves)
MR       .....                  F - +0 pair of boots
Stlth    ++........             (no amulet)
HPRegen  1.21/turn              W - ring of wizardry
MPRegen  0.16/turn              t - +2 ring of dexterity

@: berserk cooldown, regenerating, slowed, very slow
A: distributed training, fangs 1, strong nose
a: Bend Time, Renounce Religion


You were in a bailey.
You worshipped Cheibriados.
Cheibriados was aware of your devotion.
You were hungry.

You visited 2 branches of the dungeon, and saw 8 of its levels.
You also visited: Bailey.

You collected 307 gold pieces.

Inventory:

Hand Weapons
 a - a +0 falchion (weapon)
 p - a +0 hunting sling
 A - a +0 scythe
 D - a +1 spear of venom
   (You found it on level 4 of the Dungeon)
 K - a +2 dagger of venom
   (You took it off an orc on level 6 of the Dungeon)
Missiles
 i - 3 needles of paralysis
 m - 2 throwing nets (quivered) {!f}
 n - 127 arrows
 H - 20 tomahawks of returning
Armour
 b - a +0 leather armour
 B - a +0 ring mail (worn)
 E - a +0 helmet (worn)
 F - a +0 pair of boots (worn)
 O - a cursed +0 leather armour
Jewellery
 o - a +4 ring of intelligence
   (You found it on level 1 of the Dungeon)
 t - a +2 ring of dexterity (right hand)
   (You found it on level 1 of the Dungeon)
 W - a ring of wizardry (left hand)
   (You found it on level 7 of the Dungeon)
Wands
 C - a wand of random effects (2/48)
Scrolls
 g - a scroll of noise {unknown}
 k - 3 scrolls of recharging
 q - 3 scrolls of identify
 r - a scroll of enchant armour {unknown}
 v - 3 scrolls of teleportation
 y - a scroll of remove curse
 I - a scroll of amnesia {unknown}
 J - a scroll of fear {unknown}
Potions
 e - 3 potions of agility
 j - a potion of haste {unknown}
 l - a potion of invisibility {unknown}
 s - 2 potions of berserk rage
 x - a potion of brilliance {unknown}
 z - a potion of lignification {unknown}
 G - a potion of magic {unknown}
 N - a potion of heal wounds {unknown}
Books
 c - a book of Battle

   Spells                             Type                      Level
   a - Infusion                       Charms                       1
   b - Shroud of Golubria             Charms/Translocation         2
   c - Song of Slaying                Charms                       2
   d - Spectral Weapon                Hexes/Charms                 3
   e - Regeneration                   Charms/Necromancy            3
 w - a book of Cantrips
   (You found it on level 3 of the Dungeon)

   Spells                             Type                      Level
   a - Confusing Touch                Hexes                        1
   b - Animate Skeleton               Necromancy                   1
   c - Summon Small Mammal            Summoning                    1
   d - Apportation                    Translocation                1
 L - a book of Debilitation
   (You found it on level 6 of the Dungeon)

   Spells                             Type                      Level
   a - Corona                         Hexes                        1
   b - Slow                           Hexes                        2
   c - Inner Flame                    Hexes/Fire                   3
   d - Portal Projectile              Hexes/Translocation          3
   e - Cause Fear                     Hexes                        4
   f - Leda's Liquefaction            Hexes/Earth                  4
Comestibles
 d - 4 bread rations
 f - 3 royal jellies
 h - 3 meat rations
 u - 6 fruits


   Skills:
 + Level 5.8 Fighting
 + Level 4.0 Short Blades
 + Level 5.5 Long Blades
 + Level 3.3 Axes
 + Level 5.0 Maces & Flails
 + Level 4.5 Polearms
 + Level 3.3 Staves
 + Level 4.4 Slings
 + Level 4.2 Bows
 + Level 4.4 Crossbows
 + Level 3.9 Throwing
 + Level 4.2 Armour
 + Level 5.9 Dodging
 + Level 3.9 Stealth
   Level 0.0 Stabbing
 + Level 4.5 Shields
   Level 0.0 Traps
 + Level 3.7 Unarmed Combat
 + Level 6.6 Spellcasting
 + Level 3.1 Conjurations
 + Level 4.4 Hexes
 + Level 7.3 Charms
 + Level 4.8 Summonings
 + Level 5.0 Necromancy
 + Level 3.5 Translocations
 + Level 3.5 Transmutations
 + Level 4.4 Fire Magic
 + Level 4.2 Ice Magic
 + Level 3.7 Air Magic
 + Level 3.7 Earth Magic
 + Level 3.7 Poison Magic
 + Level 4.4 Invocations
 + Level 4.2 Evocations


You had 8 spell levels left.
You knew the following spells:

 Your Spells              Type           Power        Failure   Level  Hunger
a - Apportation           Tloc           ###...       1%          1    None
g - Shroud of Golubria    Chrm/Tloc      ####......   1%          2    None
i - Infusion              Chrm           ####         1%          1    None
n - Animate Skeleton      Necr           N/A          1%          1    None
r - Regeneration          Chrm/Necr      ####......   1%          3    #......
s - Song of Slaying       Chrm           #####...     1%          2    None
w - Spectral Weapon       Hex/Chrm       ####....     1%          3    #......


Dungeon Overview and Level Annotations

Branches:
Dungeon (7/15)             Temple (1/1) D:7

Altars:
Ashenzari
Cheibriados
Dithmenos
Fedhas
Gozag
Hepliaklqana
Kikubaaqudgha
Makhleb
Nemelex Xobeh
Okawaru
Qazlal
Uskayaw
Xom
Yredelemnul
The Shining One


Innate Abilities, Weirdness & Mutations

Your experience applies equally to all skills.
You have very sharp teeth.
Your uncanny sense of smell can sniff out nearby items.


Message History

You kill the orc!
Cheibriados appreciates the change of pace.
The orc knight hits you with a war axe!!
Your shroud falls apart!
You barely miss the orc knight. Your bite misses the orc knight.
The orc knight is heavily wounded.
The orc knight hits you with a war axe!
* * * LOW HITPOINT WARNING * * *
You barely miss the orc knight. Your bite misses the orc knight.
The orc knight is heavily wounded.
You hit the orc knight.
The orc knight is heavily wounded.
The orc knight closely misses you.
You riposte.
You hit the orc knight.
You bite the orc knight, but do no damage.
The orc knight is severely wounded.
You slash the orc knight!
The orc knight is severely wounded.
The orc knight hits you with a war axe!!
* * * LOW HITPOINT WARNING * * *
You closely miss the orc knight.
The orc knight is severely wounded.
The orc knight hits you with a war axe.
* * * LOW HITPOINT WARNING * * *
You are feeling hungry.
You slash the orc knight!
The orc knight is almost dead.
The orc knight hits you with a war axe!
* * * LOW HITPOINT WARNING * * *
You slash the orc knight!
You kill the orc knight!
Cheibriados thoroughly appreciates the change of pace.
Your Short Blades skill increases to level 4!
Your Axes skill increases to level 3!
Your Maces & Flails skill increases to level 5!
Your Bows skill increases to level 4!
Your Armour skill increases to level 4!
Your Conjurations skill increases to level 3!
Your Necromancy skill increases to level 5!
Your Ice Magic skill increases to level 4!
Unknown command.
Unknown command.
You are no longer berserk.
You are exhausted.
You feel yourself slow down.
You see here a tomahawk of returning.
H - 17 tomahawks of returning (gained 1)
Things that are here:
3 tomahawks of returning; a fuming orange potion
H - 20 tomahawks of returning (gained 3)
N - a fuming orange potion
Casting: Shroud of Golubria
Confirm with . or Enter, or press ? or * to list all spells.
Your skin crawls.
An orc warrior comes into view. It is wielding a battleaxe.
There is an open gate, spattered with blood here.
Items here: )) [[ † a war axe; a ring mail; a hand axe; a runed leather armour; an orc corpse
O - a runed leather armour
Casting: Regeneration
Confirm with . or Enter, or press ? or * to list all spells.
You attempt to give life to the dead...
Before your eyes, flesh is ripped from the corpse!
The dead are walking!
The orc warrior shouts!
There is an open gate, spattered with blood here.
Things that are here:
a chunk of flesh; a hand axe All of the chunks of flesh in your inventory have rotted away.
Your orc knight skeleton misses the orc warrior.
The orc warrior misses you.
The orc warrior hits your orc knight skeleton with a battleaxe.
Your orc knight skeleton hits the orc warrior with a war axe.
An orc comes into view. It is wielding a hand axe.
Evoke which item? (* to show all) (? for menu, Esc to quit)
Really evoke
C - a wand of random effects (?/48) {zapped: 12}?
This could place you under penance!
Aiming: Random Effects (will waste charges)
Press: ? - help, Shift-Dir - straight line, f - orc warrior
Aim: an orc warrior, wielding a battleaxe and wearing a glowing ring mail (lightly wounded)
The bolt of negative energy hits the orc warrior.
The orc warrior is drained!
The orc warrior is almost dead.
Evoking this partially-identified wand wasted a few charges.
The orc warrior completely misses you.
The orc warrior hits your orc knight skeleton with a battleaxe!
Your orc knight skeleton hits the orc warrior but does no damage.
You hit the orc warrior but do no damage.
The orc warrior is almost dead.
The orc warrior barely misses you.
The orc warrior hits your orc knight skeleton with a battleaxe!
Your orc knight skeleton hits the orc warrior with a war axe.
The orc warrior hits you with a battleaxe!
* * * LOW HITPOINT WARNING * * *
The orc warrior hits your orc knight skeleton with a battleaxe.
You hit the orc warrior but do no damage.
You bite the orc warrior, but do no damage.
The orc warrior is almost dead.
Your orc knight skeleton misses the orc warrior.
Your orc knight skeleton hits the orc with a war axe.
The orc warrior hits you with a battleaxe!!
You die...

##≈≈.......≈≈##
.K≈≈.......≈≈K.
##≈≈.......≈≈##
+≈≈.......≈≈KK
##≈≈.......≈≈##
.K≈≈.......≈≈K.
##≈≈.......≈≈##
+≈≈.......≈≈'.
#≈≈...@...≈≈##
##≈..)o...≈##
####Z%)####
#..o..#
#∩....$∩#
#...8...#
##.....##
###'### ...


You could see an orc warrior, an orc, 6 kobolds and a friendly orc knight
skeleton.

Vanquished Creatures
  An orc knight (Bailey)
  A hippogriff (D:7)
  Sigmund (D:6)
  2 orc warriors
  A phantom (D:4)
  An ice beast (D:7)
  2 ogres
  A centaur (D:7)
  A bullfrog (D:7)
  5 scorpions
  A crimson imp (D:7)
  A bullfrog zombie (D:5)
  An orc priest (D:7)
  3 hounds
  4 orc wizards
  3 bullfrog skeletons
  Ijyb (D:4)
  4 worker ants (D:4)
  A hound skeleton (D:4)
  A gnoll (D:7)
  2 adders (D:5)
  An ooze (D:1)
  2 worms
  A dart slug (D:1)
  3 leopard geckos
  22 orcs
  9 bats
  3 giant cockroaches
  4 hobgoblins
  10 jackals
  5 quokkas
  2 ball pythons
  7 goblins
  9 kobolds
  A quokka skeleton (D:7)
  5 rats
122 creatures vanquished.

Vanquished Creatures (collateral kills)
  2 orcs (D:4)
  A jackal (D:4)
3 creatures vanquished.

Vanquished Creatures (others)
  A spectral weapon (Bailey)
1 creature vanquished.

Grand Total: 126 creatures vanquished

Notes
Turn   | Place    | Note
-------+----------+-------------------------------------------
     0 | D:1      | tidbits the Gnoll Skald began the quest for the Orb.
     0 | D:1      | Reached XP level 1. HP: 20/20 MP: 6/6
    43 | D:1      | Reached skill level 5 in Spellcasting
   137 | D:1      | Reached XP level 2. HP: 26/26 MP: 5/8
   266 | D:2      | Reached skill level 1 in Air Magic
   284 | D:2      | Reached skill level 1 in Maces & Flails
   284 | D:2      | Reached skill level 1 in Crossbows
   284 | D:2      | Reached skill level 1 in Ice Magic
   284 | D:2      | Reached XP level 3. HP: 19/32 MP: 3/9
   292 | D:2      | Learned a level 2 spell: Song of Slaying
   295 | D:2      | Learned a level 2 spell: Shroud of Golubria
   299 | D:2      | Learned a level 3 spell: Regeneration
   303 | D:2      | Learned a level 3 spell: Spectral Weapon
   373 | D:1      | Reached skill level 1 in Fire Magic
   486 | D:1      | Reached skill level 1 in Polearms
   518 | D:1      | Reached skill level 1 in Evocations
   594 | D:2      | Reached XP level 4. HP: 33/38 MP: 2/11
   635 | D:2      | Reached skill level 1 in Hexes
   642 | D:2      | Reached skill level 1 in Short Blades
   729 | D:2      | Reached skill level 1 in Necromancy
   793 | D:2      | Reached skill level 1 in Poison Magic
   847 | D:3      | Found an ancient bone altar of Kikubaaqudgha.
   849 | D:3      | Found a blossoming altar of Fedhas.
   890 | D:3      | Reached skill level 2 in Crossbows
   910 | D:3      | Reached skill level 1 in Invocations
   991 | D:3      | Learned a level 1 spell: Animate Skeleton
   993 | D:3      | Learned a level 1 spell: Apportation
  1036 | D:4      | Reached skill level 1 in Slings
  1036 | D:4      | Reached skill level 2 in Fire Magic
  1039 | D:4      | Reached skill level 1 in Bows
  1054 | D:4      | Reached skill level 2 in Maces & Flails
  1054 | D:4      | Reached skill level 2 in Polearms
  1054 | D:4      | Reached skill level 3 in Armour
  1054 | D:4      | Reached skill level 1 in Shields
  1054 | D:4      | Reached XP level 5. HP: 43/43 MP: 5/12
  1080 | D:3      | Found a basalt altar of Yredelemnul.
  1242 | D:4      | Reached skill level 1 in Throwing
  1242 | D:4      | Reached skill level 1 in Stealth
  1265 | D:4      | Noticed a phantom
  1274 | D:4      | Noticed an ogre
  1286 | D:4      | Reached skill level 5 in Fighting
  1286 | D:4      | Reached skill level 1 in Staves
  1286 | D:4      | Reached skill level 2 in Throwing
  1286 | D:4      | Reached skill level 2 in Hexes
  1286 | D:4      | Reached skill level 2 in Evocations
  1342 | D:4      | Killed a phantom
  1342 | D:4      | Reached skill level 2 in Bows
  1342 | D:4      | Reached skill level 2 in Stealth
  1342 | D:4      | Reached skill level 1 in Summonings
  1342 | D:4      | Reached skill level 2 in Air Magic
  1342 | D:4      | Reached skill level 2 in Poison Magic
  1342 | D:4      | Reached skill level 2 in Invocations
  1342 | D:4      | Reached XP level 6. HP: 32/51 MP: 6/13
  1353 | D:4      | Reached skill level 2 in Slings
  1353 | D:4      | Reached skill level 2 in Shields
  1353 | D:4      | Reached skill level 1 in Conjurations
  1353 | D:4      | Reached skill level 2 in Summonings
  1353 | D:4      | Reached skill level 2 in Necromancy
  1353 | D:4      | Reached skill level 1 in Translocations
  1353 | D:4      | Reached skill level 1 in Earth Magic
  1385 | D:4      | Found a sparkling altar of Nemelex Xobeh.
  1408 | D:4      | Noticed Ijyb
  1419 | D:4      | Reached skill level 3 in Crossbows
  1419 | D:4      | Reached skill level 1 in Unarmed Combat
  1426 | D:4      | Killed Ijyb
  1426 | D:4      | Reached skill level 2 in Short Blades
  1447 | D:4      | Reached skill level 3 in Maces & Flails
  1447 | D:4      | Reached skill level 2 in Earth Magic
  1447 | D:4      | Reached XP level 7. HP: 53/56 MP: 3/15
  1531 | D:4      | Reached skill level 2 in Conjurations
  1531 | D:4      | Reached skill level 2 in Ice Magic
  1531 | D:4      | Reached skill level 1 in Axes
  1776 | D:5      | Entered Level 5 of the Dungeon
  1854 | D:5      | Found a burning altar of Makhleb.
  1861 | D:5      | Reached skill level 3 in Hexes
  1883 | D:5      | Reached skill level 5 in Long Blades
  1883 | D:5      | Reached skill level 2 in Unarmed Combat
  1942 | D:5      | Reached skill level 3 in Necromancy
  2006 | D:5      | Reached skill level 3 in Summonings
  2175 | D:6      | Found a hazy altar of Hepliaklqana.
  2176 | D:6      | Found a shimmering altar of Xom.
  2177 | D:6      | Noticed a spectral ugly thing
  2198 | D:6      | Noticed Sigmund
  2217 | D:6      | Reached skill level 4 in Maces & Flails
  2217 | D:6      | Reached skill level 6 in Spellcasting
  2220 | D:6      | Killed Sigmund
  2220 | D:6      | Reached skill level 2 in Axes
  2220 | D:6      | Reached skill level 3 in Polearms
  2220 | D:6      | Reached skill level 3 in Throwing
  2220 | D:6      | Reached skill level 2 in Translocations
  2220 | D:6      | Reached skill level 1 in Transmutations
  2220 | D:6      | Reached skill level 3 in Air Magic
  2220 | D:6      | Reached skill level 3 in Invocations
  2220 | D:6      | Reached skill level 3 in Evocations
  2220 | D:6      | Reached XP level 8. HP: 58/62 MP: 4/17
  2255 | D:6      | Found an iron altar of Okawaru.
  2287 | D:6      | Reached skill level 3 in Poison Magic
  2323 | D:6      | Reached skill level 3 in Short Blades
  2352 | D:6      | Reached skill level 3 in Slings
  2411 | D:6      | Reached skill level 2 in Staves
  2411 | D:6      | Reached skill level 3 in Bows
  2411 | D:6      | Reached skill level 3 in Stealth
  2411 | D:6      | Reached skill level 3 in Shields
  2411 | D:6      | Reached skill level 7 in Charms
  2411 | D:6      | Reached skill level 4 in Summonings
  2411 | D:6      | Reached skill level 2 in Transmutations
  2411 | D:6      | Reached skill level 3 in Fire Magic
  2507 | D:6      | Reached skill level 3 in Ice Magic
  2535 | D:6      | Found a hide-covered altar of Uskayaw.
  2535 | D:6      | Noticed a hand axe
  2536 | D:6      | Noticed a dagger
  2542 | D:7      | Found a shattered altar of Ashenzari.
  2671 | D:7      | Reached skill level 4 in Crossbows
  2679 | D:7      | Noticed a hippogriff
  2693 | D:7      | Killed a hippogriff
  2693 | D:7      | Reached skill level 5 in Dodging
  2693 | D:7      | Reached skill level 4 in Necromancy
  2727 | D:7      | Found a staircase to the Ecumenical Temple.
  2736 | Temple   | Entered the Ecumenical Temple
  2751 | Temple   | Became a worshipper of Cheibriados the Contemplative
  2798 | D:7      | Reached skill level 4 in Polearms
  2804 | D:7      | Reached skill level 3 in Unarmed Combat
  2843 | D:7      | Reached skill level 4 in Evocations
  2850 | D:7      | Reached skill level 3 in Staves
  2850 | D:7      | Reached skill level 4 in Fire Magic
  2858 | D:7      | Reached skill level 3 in Earth Magic
  2863 | D:7      | Reached skill level 4 in Slings
  2863 | D:7      | Reached skill level 4 in Shields
  2863 | D:7      | Reached skill level 4 in Hexes
  2863 | D:7      | Reached skill level 3 in Translocations
  2863 | D:7      | Reached skill level 4 in Invocations
  2863 | D:7      | Reached XP level 9. HP: 38/68 MP: 13/18
  2884 | D:7      | Reached * piety under Cheibriados
  2937 | D:7      | Found a flagged portal.
  2954 | Bailey   | Entered a bailey
  3011 | Bailey   | Noticed an orc knight
  3013 | Bailey   | Reached skill level 3 in Transmutations
  3027 | Bailey   | Killed an orc knight
  3027 | Bailey   | Reached skill level 4 in Short Blades
  3027 | Bailey   | Reached skill level 3 in Axes
  3027 | Bailey   | Reached skill level 5 in Maces & Flails
  3027 | Bailey   | Reached skill level 4 in Bows
  3027 | Bailey   | Reached skill level 4 in Armour
  3027 | Bailey   | Reached skill level 3 in Conjurations
  3027 | Bailey   | Reached skill level 5 in Necromancy
  3027 | Bailey   | Reached skill level 4 in Ice Magic
  3040 | Bailey   | Slain by an orc warrior

Vault maps used:
D:1:      dpeg_arrival_renting, nrook_mini_backslash
D:2:      first_bread
D:3:      grunt_temple_overflow_growth_and_decay, zin_angel, lemuel_round_altar,
          minmay_misc_feat_chi
D:4:      nemelex_lonely_heart_becter, uniq_ijyb
D:5:      kennysheep_mini_moat, serial_bayou, serial_bayou_pond_e,
          serial_bayou_pond_a, serial_bayou_ford_a, serial_bayou_lake_a,
          serial_bayou_shore_a, serial_bayou_pond_c, serial_bayou_pond_e,
          bloody_makhleb
D:6:      regret_index_temple_of_mockery, dancing_weapons_uskayaw,
          kennysheep_little_box, serial_shops, nicolae_shop_statue_plus,
          uniq_sigmund
D:7:      hangedman_cross_stitches, overflow_temple_1_default,
          minmay_temple_entry_statues_fountains, enter_bailey_7
Temple:   compressed_dpeg_circular_temple
Bailey:   bailey_axe_3, bailey

Skill      XL: |  1  2  3  4  5  6  7  8  9 |
---------------+----------------------------+-----
Spellcasting   | 5 6 |  6.6
Air Magic      | 1 2 3 |  3.7
Maces & Flails | 1 2 3 4 5 |  5.0
Crossbows      | 1 2 3 4 |  4.4
Ice Magic      | 1 2 3 4 |  4.2
Fire Magic     | 1 2 4 |  4.4
Polearms       | 1 2 3 4 |  4.5
Evocations     | 1 2 3 4 |  4.2
Hexes          | 1 2 3 4 |  4.4
Short Blades   | 1 2 3 4 |  4.0
Necromancy     | 1 2 3 4 5 |  5.0
Poison Magic   | 1 2 3 |  3.7
Invocations    | 1 2 3 4 |  4.4
Slings         | 1 2 4 |  4.4
Bows           | 1 2 3 4 |  4.2
Armour         | 3 4 |  4.2
Shields        | 1 2 4 |  4.5
Throwing       | 2 3 |  3.9
Stealth        | 2 3 |  3.9
Fighting       | 5 |  5.8
Staves         | 1 3 |  3.3
Summonings     | 1 2 3 4 |  4.8
Conjurations   | 1 2 3 |  3.1
Translocations | 1 2 3 |  3.5
Earth Magic    | 2 3 |  3.7
Unarmed Combat | 1 2 3 |  3.7
Axes           | 2 3 |  3.3
Long Blades    | 5 |  5.5
Transmutations | 1 2 3 |  3.5
Charms         | 7 |  7.3
Dodging        | 5 |  5.9

Action                   |  1- 3 |  4- 6 |  7- 9 || total
-------------------------+-------+-------+-------++-------
Melee: Falchion          |    50 |    81 |   240 ||   371
       Bite              |     2 |    10 |    42 ||    54
       Punch             |       |     1 |     6 ||     7
       Dagger            |       |       |    16 ||    16
 Cast: Infusion          |     9 |     7 |     5 ||    21
       Spectral Weapon   |       |     6 |    19 ||    25
       Regeneration      |       |     1 |    14 ||    15
       Shroud of Golubri |       |     4 |     6 ||    10
       Animate Skeleton  |       |     2 |     5 ||     7
Evoke: Wand              |       |       |     6 ||     6
  Use: Scroll            |     1 |       |     3 ||     4
       Potion            |       |       |     1 ||     1
 Stab: Distracted        |       |       |     4 ||     4
  Eat: Chunk             |       |     3 |     7 ||    10
Armor: Leather armour    |     5 |       |       ||     5
       Ring mail         |    10 |    23 |    93 ||   126
Dodge: Dodged            |    28 |    59 |   264 ||   351
       Rpst.: Falchion   |    10 |    17 |    54 ||    81

Table legend:
 A = Spawn XP
 B = Non-spawn XP
 C = Spawn XP percentage of total XP
 D = Spawn monster count
 E = Non-spawn monster count
 F = Spawn count percentage of total count
 G = Total turns spent on level
                    A         B        C        D         E        F      G
               +---------+---------+-------+---------+---------+-------+---------
         Total |       0 |    3309 |   0.0 |       0 |     125 |   0.0 |  3040
               +---------+---------+-------+---------+---------+-------+---------
           D:1 |       0 |      31 |   0.0 |       0 |      15 |   0.0 |   423
           D:2 |       0 |      69 |   0.0 |       0 |      19 |   0.0 |   405
           D:3 |       0 |      18 |   0.0 |       0 |      10 |   0.0 |   476
           D:4 |       0 |     609 |   0.0 |       0 |      24 |   0.0 |   561
           D:5 |       0 |     245 |   0.0 |       0 |      11 |   0.0 |   270
           D:6 |       0 |     709 |   0.0 |       0 |      22 |   0.0 |   458
           D:7 |       0 |     879 |   0.0 |       0 |      19 |   0.0 |   330
        Bailey |       0 |     749 |   0.0 |       0 |       5 |   0.0 |    86
               +---------+---------+-------+---------+---------+-------+---------

Table legend:
 A = Turns spent in this place as a percentage of turns spent in the entire game.
 B = Non-inter-level travel turns spent in this place as a percentage of non-inter-level travel turns spent in the entire game.
 C = Inter-level travel turns spent in this place as a percentage of turns spent in this place.
 D = Turns resting spent in this place as a percentage of non-inter-level travel turns spent in this place.
 E = Turns spent auto-exploring this place as a percentage of non-inter-level travel turns spent in this place.
 F = Non-inter-level travel turns spent in this place divided by the number of levels of this place that you've seen.
                   A       B       C       D       E      F
               +-------+-------+-------+-------+-------+----------------------
         Total | 100.0 | 100.0 |   6.2 |   0.0 |   0.0 | 316.8
       Dungeon |  96.2 |  96.4 |   6.0 |   0.0 |   0.0 | 392.6
        Temple |   1.0 |   0.6 |  45.2 |   0.0 |   0.0 |  17.0
        Bailey |   2.8 |   3.0 |   0.0 |   0.0 |   0.0 |  86.0
               +-------+-------+-------+-------+-------+----------------------

Table legend:
 A = Kills in this place as a percentage of kills in entire the game.
 B = Kills by you in this place as a percentage of kills by you in the entire game.
 C = Kills by friends in this place as a percentage of kills by friends in the entire game.
 D = Other kills in this place as a percentage of other kills in the entire game.
 E = Experience gained in this place as a percentage of experience gained in the entire game.
 F = Experience gained in this place divided by the number of levels of this place that you have seen.
                   A       B       C       D       E      F
               +-------+-------+-------+-------+-------+----------------------
         Total | 100.0 | 100.0 | 100.0 |   N/A | 100.0 | 367.7
       Dungeon |  96.0 |  95.9 | 100.0 |   N/A |  77.4 | 365.7
        Bailey |   4.0 |   4.1 |   0.0 |   N/A |  22.6 | 749.0
               +-------+-------+-------+-------+-------+----------------------

Vault maps used:
D:1:      dpeg_arrival_renting, nrook_mini_backslash
D:2:      first_bread
D:3:      grunt_temple_overflow_growth_and_decay, zin_angel, lemuel_round_altar,
          minmay_misc_feat_chi
D:4:      nemelex_lonely_heart_becter, uniq_ijyb
D:5:      kennysheep_mini_moat, serial_bayou, serial_bayou_pond_e,
          serial_bayou_pond_a, serial_bayou_ford_a, serial_bayou_lake_a,
          serial_bayou_shore_a, serial_bayou_pond_c, serial_bayou_pond_e,
          bloody_makhleb
D:6:      regret_index_temple_of_mockery, dancing_weapons_uskayaw,
          kennysheep_little_box, serial_shops, nicolae_shop_statue_plus,
          uniq_sigmund
D:7:      hangedman_cross_stitches, overflow_temple_1_default,
          minmay_temple_entry_statues_fountains, enter_bailey_7
Temple:   compressed_dpeg_circular_temple
Bailey:   bailey_axe_3, bailey
